General information
- name: BNet
- type: Ladder 1vs1/FFA
- host: Battle.net
- saver: pps.0
map: TwistedMeadows
- players: 2
- length: 06:32
- speed: Fast
- version: 1.24 W3XP
- replay type: Public
» download(20 KB)
Players
team 1 (winner)
pps.0 (
red | 54 APM | 354 actions | 06:32)
2 Mountain King
1 Storm Bolt
1 Bash
» actions
| Assign group hotkey | 23 | |
| Basic commands | 32 | |
| Build / train | 28 | |
| Enter build submenu | 13 | |
| Enter hero's abilities submenu | 2 | |
| Right click | 87 | |
| Select / deselect | 109 | |
| Select group hotkey | 40 | |
| Use ability | 20 | |
354 total
» units
| Peasant | 12 | |
| Footman | 4 | |
| Rifleman | 4 | |
20 total
» upgrades
» buildings
| Barracks | 1 | |
| Farm | 5 | |
| Altar of Kings | 1 | |
| Scout Tower | 2 | |
| Arcane Tower | 2 | |
| Blacksmith | 1 | |
| Keep | 1 | |
13 total
» build order
00:07 Barracks
00:30 Farm
00:31 Farm
01:07 Altar of Kings
01:32 Scout Tower
02:09 Farm
02:16 Arcane Tower
02:21 Farm
02:51 Blacksmith
03:10 Scout Tower
03:51 Arcane Tower
04:15 Farm
05:51 Keep
team 2 (loser)
Samantha.A (
pink | 86 APM | 562 actions | 06:31)
1 Blademaster
1 Wind Walk
» actions
| Basic commands | 5 | |
| Build / train | 15 | |
| Enter build submenu | 8 | |
| Enter hero's abilities submenu | 1 | |
| Remove unit from queue | 1 | |
| Right click | 410 | |
| Select / deselect | 103 | |
| Use ability | 19 | |
562 total
» units
» buildings
| Altar of Storms | 1 | |
| Orc Burrow | 4 | |
| Stronghold | 1 | |
| Beastiary | 2 | |
| Voodoo Lounge | 1 | |
9 total
» build order
00:07 Altar of Storms
00:20 Orc Burrow
01:44 Stronghold
02:27 Orc Burrow
02:35 Orc Burrow
04:08 Beastiary
04:09 Beastiary
04:23 Voodoo Lounge
04:38 Orc Burrow
Chat log
(00:13 / All) Samantha.A: gl hf
(00:20 / All) pps.0: ?
(00:27 / All) Samantha.A: good luck have fun
(00:32 / All) pps.0: ?
(00:36 / All) Samantha.A: fuck you
(00:40 / All) pps.0: me no english
(00:45 / All) Samantha.A: francais?
(00:50 / All) pps.0: ?
(01:02 / All) Samantha.A: espanol&?